 Dungeon Crawl Stone Soup version 0.20.1-1-g8b1a95d (webtiles) character file.

810 Minstaer the Slasher (level 7, -4/61 HPs)
             Began as a Minotaur Gladiator on Nov 4, 2017.
             Was an Initiate of the Shining One.
             Killed from afar by Baril's ghost (21 damage)
             ... with a spray of energy
             ... on level 5 of the Dungeon.
             The game lasted 00:25:45 (3911 turns).

Minstaer the Slasher (Minotaur Gladiator)           Turns: 3911, Time: 00:25:46

Health: -4/61      AC:  6    Str: 18    XL:     7   Next: 61%
Magic:  6/6        EV: 14    Int:  5    God:    the Shining One [......]
Gold:   256        SH:  0    Dex: 14    Spells: 6/6 levels left

rFire    + . .     SeeInvis .   P - +5 mace "Hoipparr" {venom, +Inv rPois rF+}
rCold    . . .     Gourm    .   (no shield)
rNeg     . . .     Faith    .   n - +0 ring mail
rPois    +         Spirit   .   c - +0 hat
rElec    .         Reflect  .   R - +0 cloak
rCorr    .         Harm     .   (no gloves)
MR       .....                  (no boots)
Stlth    +.........             (no amulet)
Regen    0.2/turn               (no ring)
MPRegen  0.1/turn               (no ring)

@: glowing
A: retaliatory headbutt, horns 2
a: Renounce Religion, Evoke Invisibility


You were on level 5 of the Dungeon.
You worshipped the Shining One.
The Shining One was noncommittal.
You were hungry.

You visited 2 branches of the dungeon, and saw 6 of its levels.

You collected 256 gold pieces.

Inventory:

Hand Weapons
 a - a +0 long sword
 y - a +0 hunting sling
 D - a +1 vampiric dagger
 O - a +2 quarterstaff of chaos
 P - the +5 mace "Hoipparr" (weapon) {venom, +Inv rPois rF+}
   (You found it on level 4 of the Dungeon)

   It poisons the flesh of those it strikes.
   It protects you from fire.
   It protects you from poison.
   It lets you turn invisible.
Missiles
 d - 9 bolts
 j - 232 stones
 k - 26 sling bullets
 u - 12 poisoned needles
 v - 113 arrows
 I - 2 needles of frenzy
 J - a throwing net (quivered)
 N - 2 tomahawks
Armour
 c - a +0 hat (worn)
 n - a +0 ring mail (worn)
 A - a +0 chain mail
 F - a +0 animal skin
 R - a +0 cloak (worn)
Magical Staves
 M - an uncursed staff of fire {unknown}
Wands
 E - a wand of digging (7/24)
 S - a wand of random effects (23/48)
Scrolls
 b - 2 scrolls of magic mapping {unknown}
 e - a scroll of noise {unknown}
 h - 3 scrolls of remove curse
 q - 2 scrolls of enchant weapon {unknown}
 r - 2 scrolls of teleportation {unknown}
 s - a scroll of random uselessness
 t - a scroll of recharging {unknown}
 B - 5 scrolls of identify
 G - a scroll of amnesia {unknown}
 L - a scroll of immolation {unknown}
 Q - a scroll of blinking {unknown}
 T - a scroll of acquirement {unknown}
Potions
 l - 3 potions of lignification {unknown}
 m - a potion of berserk rage {unknown}
 p - 2 potions of resistance {unknown}
 w - 3 potions of curing {unknown}
 x - a potion of flight {unknown}
 z - a potion of agility
 C - 2 potions of might
 H - a potion of ambrosia {unknown}
 K - 2 potions of haste {unknown}
Books
 U - a book of Callings

   Spells                             Type                      Level
   a - Summon Small Mammal            Summoning                    1
   b - Call Imp                       Summoning                    2
   c - Call Canine Familiar           Summoning                    3
   d - Summon Guardian Golem          Hexes/Summoning              3
   e - Summon Lightning Spire         Summoning/Air                4
   f - Summon Ice Beast               Ice/Summoning                4
Comestibles
 f - 2 bread rations
 g - 4 royal jellies
 i - a meat ration
 o - 3 fruits


   Skills:
 + Level 5.5 Fighting
 - Level 7.8 Long Blades
 * Level 2.2 Maces & Flails
 - Level 2.0 Throwing
 + Level 5.5 Dodging


You had 6 spell levels left.
You didn't know any spells.

Dungeon Overview and Level Annotations

Branches:
Dungeon (5/15)             Temple (1/1) D:4

Altars:
Ashenzari
Cheibriados
Dithmenos
Elyvilon
Fedhas
Gozag
Hepliaklqana
Kikubaaqudgha
Makhleb
Nemelex Xobeh
Okawaru
Qazlal
Ru
Sif Muna
Trog
Uskayaw
Vehumet
Xom
Yredelemnul
Zin
The Shining One

Annotations:
D:5 Baril's ghost, novice GrCj


Innate Abilities, Weirdness & Mutations

You reflexively headbutt those who attack you in melee.
You have a pair of horns on your head.


Message History

Baril's ghost completely misses you.
You're too confused to move!
Baril's ghost hits you but does no damage.
You hit Baril's ghost.
Baril's ghost is lightly damaged.
Baril's ghost hits you.
You feel less confused.
You sock Baril's ghost! You headbutt Baril's ghost!
Baril's ghost is heavily damaged.
Baril's ghost casts a spell at you. The orb of energy hits you!
* * * LOW HITPOINT WARNING * * *
The orb of energy explodes!
Baril's ghost hits you but does no damage.
Your halo prevents invisibility.
You hit Baril's ghost but do no damage.
Baril's ghost is heavily damaged.
Baril's ghost points at you and mumbles some strange words.
The spray of energy hits you!
You die...

#.# #..## #.# ##...##
#.# #.....###
##.###.......##
##...##........##
#.....#.........#
#..#...<.........#
#..##.............#
#..##.........W@...#
#..##..............##
... #..............#
................###
..............#...##
.............####..###
.......##..## ###..###
.....# #### ##...####
...# ###....#


You could see Baril's ghost.

Vanquished Creatures
  Grinder (D:3)
  An ogre (D:4)
  2 phantoms (D:4)
  A hound (D:4)
  Crazy Yiuf (D:4)
  Terence (D:2)
  A worker ant (D:4)
  Natasha (D:3)
  A hound skeleton (D:5)
  Robin (D:3)
  3 gnolls (D:2)
  7 adders
  A shadow imp (D:5)
  An ooze (D:3)
  3 worms
  A dart slug (D:2)
  2 leopard geckos
  3 orcs
  6 giant cockroaches
  18 goblins
  10 hobgoblins
  2 jackals (D:2)
  A quokka (D:3)
  A ball python (D:3)
  6 bats
  8 frilled lizards
  5 kobolds
  A quokka skeleton (D:4)
  7 rats
97 creatures vanquished.

Notes
Turn   | Place    | Note
-------+----------+-------------------------------------------
     0 | D:1      | Minstaer the Minotaur Gladiator began the quest for the Orb.
     0 | D:1      | Reached XP level 1. HP: 18/18 MP: 0/0
   147 | D:1      | Reached skill level 4 in Long Blades
   401 | D:1      | Reached XP level 2. HP: 22/25 MP: 1/1
   782 | D:2      | Noticed Terence
  1108 | D:2      | Reached XP level 3. HP: 30/30 MP: 2/2
  1164 | D:2      | Reached skill level 5 in Long Blades
  1164 | D:2      | Reached XP level 4. HP: 36/38 MP: 3/3
  1300 | D:2      | Killed Terence
  1610 | D:3      | Noticed Robin
  1623 | D:3      | Killed Robin
  1626 | D:3      | Reached XP level 5. HP: 40/45 MP: 4/4
  2034 | D:3      | Noticed Grinder
  2037 | D:3      | Paralysed by Grinder for 5 turns
  2050 | D:3      | Paralysed by Grinder for 5 turns
  2263 | D:3      | Paralysed by Grinder for 3 turns
  2271 | D:3      | Killed Grinder
  2271 | D:3      | Reached skill level 6 in Long Blades
  2271 | D:3      | Reached XP level 6. HP: 40/53 MP: 5/5
  2416 | D:3      | Noticed Natasha
  2423 | D:3      | Killed Natasha
  2423 | D:3      | Reached skill level 7 in Long Blades
  2423 | D:3      | Reached skill level 5 in Dodging
  2724 | D:4      | Reached XP level 7. HP: 46/60 MP: 6/6
  2766 | D:4      | Found a staircase to the Ecumenical Temple.
  2790 | D:4      | Reached skill level 5 in Fighting
  2937 | Temple   | Entered the Ecumenical Temple
  3148 | Temple   | Became a worshipper of the Shining One
  3241 | D:4      | Got a bloodstained mace
  3242 | D:4      | Identified the +5 mace "Hoipparr" {venom, +Inv rPois rF+} (You found it on level 4 of the Dungeon)
  3442 | D:4      | Reached skill level 1 in Maces & Flails
  3500 | D:4      | Found a runed door.
  3636 | D:4      | Noticed Crazy Yiuf
  3640 | D:4      | Killed Crazy Yiuf
  3683 | D:5      | Entered Level 5 of the Dungeon
  3900 | D:5      | Noticed Baril's ghost (novice GrCj)
  3911 | D:5      | Killed from afar by Baril's ghost

Skill      XL: |  1  2  3  4  5  6  7 |
---------------+----------------------+-----
Long Blades    | 4 5 6 7 |  7.8
Dodging        | 4 5 |  5.5
Fighting       | 3 4 5 |  5.5
Maces & Flails | 2 |  2.2
Throwing       | |  2.0

Action                   |  1- 3 |  4- 6 |  7- 9 || total
-------------------------+-------+-------+-------++-------
Melee: Long sword        |    59 |   111 |    19 ||   189
       Headbutt          |     8 |    18 |    12 ||    38
       Mace              |       |       |    21 ||    21
       Unarmed           |       |       |     2 ||     2
 Fire: Hunting sling     |       |     2 |       ||     2
Throw: Throwing net      |       |     4 |       ||     4
       Stone             |       |     2 |       ||     2
  Use: Scroll            |       |     2 |       ||     2
  Eat: Chunk             |     1 |     5 |     3 ||     9
Armor: Leather armour    |     3 |       |       ||     3
       Ring mail         |     9 |    26 |     9 ||    44
Dodge: Dodged            |    36 |    66 |    19 ||   121
       Rpst.: Long sword |     8 |    15 |     5 ||    28
